 Dungeon Crawl Stone Soup version 0.19.5 (webtiles) character file.

2 tidbits the Cudgeler (level 1, 0/14 HPs)
             Began as a High Elf Wanderer on Aug 20, 2017.
             Slain by an ooze (2 damage)
             ... on level 1 of the Dungeon.
             The game lasted 00:00:27 (18 turns).

tidbits the Cudgeler (High Elf Wanderer)              Turns: 18, Time: 00:00:28

Health: 0/14       AC:  5    Str: 14    XL:     1   Next: 33%
Magic:  2/2        EV: 10    Int: 14    God:
Gold:   0          SH:  0    Dex: 12    Spells: 0 memorised, 0 levels left

rFire  . . .     SeeInvis .     a - +2 mace
rCold  . . .     Gourm    .     b - +0 ring mail
rNeg   . . .     Faith    .     (no shield)
rPois  .         Spirit   .     (no helmet)
rElec  .         Reflect  .     (no cloak)
rCorr  .         Harm     .     (no gloves)
MR     .....                    (no boots)
Stlth  +.........               (no amulet)
                                (no ring)
                                (no ring)

@: no status effects
A: no striking features
a: no special abilities


You were on level 1 of the Dungeon.
You were not hungry.

You visited 1 branch of the dungeon, and saw 1 of its levels.

Inventory:

Hand Weapons
 a - a +2 mace (weapon)
Armour
 b - a +0 ring mail (worn)
Scrolls
 c - a scroll of teleportation
Comestibles
 d - a bread ration


   Skills:
 + Level 2.1 Fighting
 - Level 3.2 Maces & Flails
 - Level 1.0 Throwing
 + Level 1.9 Armour
   Level 1.0 Evocations


You couldn't memorise any spells.
You didn't know any spells.

Dungeon Overview and Level Annotations

Branches:
Dungeon (1/15)

Altars:


Message History

Welcome, tidbits the High Elf Wanderer.
Will you prevail where others failed? Will you find the Orb of Zot?
Press ? for a list of commands and other information.
Found a ring mail.
Found a staircase leading out of the dungeon.
You aren't carrying or standing over any spellbooks.
Unknown command.
A hobgoblin comes into view. It is wielding a club.
The hobgoblin shouts!
An ooze comes into view.
A goblin comes into view. It is wielding a dagger.
The ooze quivers.
The hobgoblin hits you with a club.
You sock the hobgoblin!
You kill the hobgoblin!
You hit the goblin.
The goblin is severely wounded.
The goblin hits you but does no damage.
You sock the goblin!
You kill the goblin!
You hit the ooze.
The ooze is lightly wounded.
The ooze hits you.
* * * LOW HITPOINT WARNING * * *
You barely miss the ooze.
The ooze is lightly wounded.
The ooze hits you but does no damage. x2
You barely miss the ooze.
The ooze is lightly wounded.
The ooze hits you.
* * * LOW HITPOINT WARNING * * *
You hit the ooze.
The ooze is moderately wounded.
The ooze barely misses you.
You hit the ooze.
The ooze is almost dead.
The ooze hits you.
You die...

... .....#. .. #g.
....... .. #..
#....... ...#..#.g
...#..#. .#..
..#..#..#....#
..#..#.#.#..#..J..#
...#.#.#.#.#...#
..#.#.#J#..# .
#.#..@#.##.....#
....#.....#........
#...<...######..
....#.....#.... .
..##.#...#.##...
..#.#.#.#.. #..
...#.#.#.#.#... .
..#..#. . ..#[. .
.. .. . ..#.


You could see an ooze.

Vanquished Creatures
  A goblin (D:1)
  A hobgoblin (D:1)
2 creatures vanquished.

Notes
Turn   | Place    | Note
-------+----------+-------------------------------------------
     0 | D:1      | tidbits the High Elf Wanderer began the quest for the Orb.
     0 | D:1      | tidbits set off with: a +2 mace, a +0 ring mail, a scroll of teleportation, a bread ration
     0 | D:1      | Reached XP level 1. HP: 14/14 MP: 2/2
    18 | D:1      | Slain by an ooze

Action                   || total
-------------------------++-------
Melee: Mace              ||     8
Armor: Ring mail         ||     3
Dodge: Dodged            ||     1

Table legend:
 A = Turns spent in this place as a percentage of turns spent in the entire game.
 B = Non-inter-level travel turns spent in this place as a percentage of non-inter-level travel turns spent in the entire game.
 C = Inter-level travel turns spent in this place as a percentage of turns spent in this place.
 D = Turns resting spent in this place as a percentage of non-inter-level travel turns spent in this place.
 E = Turns spent auto-exploring this place as a percentage of non-inter-level travel turns spent in this place.
 F = Non-inter-level travel turns spent in this place divided by the number of levels of this place that you've seen.
                   A       B       C       D       E      F
               +-------+-------+-------+-------+-------+----------------------
         Total | 100.0 | 100.0 |   0.0 |   0.0 |   0.0 |  27.0
       Dungeon | 100.0 | 100.0 |   0.0 |   0.0 |   0.0 |  27.0
               +-------+-------+-------+-------+-------+----------------------

Table legend:
 A = Kills in this place as a percentage of kills in entire the game.
 B = Kills by you in this place as a percentage of kills by you in the entire game.
 C = Kills by friends in this place as a percentage of kills by friends in the entire game.
 D = Other kills in this place as a percentage of other kills in the entire game.
 E = Experience gained in this place as a percentage of experience gained in the entire game.
 F = Experience gained in this place divided by the number of levels of this place that you have seen.
                   A       B       C       D       E      F
               +-------+-------+-------+-------+-------+----------------------
         Total | 100.0 | 100.0 |  -nan |  -nan | 100.0 |   4.0
       Dungeon | 100.0 | 100.0 |  -nan |  -nan | 100.0 |   4.0
               +-------+-------+-------+-------+-------+----------------------

Vault maps used:
D:1:      minmay_arrival_radiant_lines, serial_forest,
          infiniplex_forest_straight_2, infiniplex_forest_lined_corner,
          infiniplex_forest_lined_corner, infiniplex_forest_straight_4,
          infiniplex_forest_straight_2, infiniplex_forest_end_3,
          infiniplex_forest_lined_1, st_stairs_5
